 Dungeon Crawl Stone Soup version 0.29-a0-830-gcb1280458a (webtiles) character file.

Game seed: 15836703764220446498

758 buhh the Insei (level 7, -1/48 HPs)
             Began as an Octopode Transmuter on July 11, 2022.
             Was a Follower of Cheibriados.
             Splashed by a jelly's acid (6 damage)
             ... on level 6 of the Dungeon.
             The game lasted 00:04:36 (6511 turns).

buhh the Insei (Octopode Transmuter)                Turns: 6511, Time: 00:04:37

Health: -1/48      AC: -3    Str: 11    XL:     7   Next: 80%
Magic:  7/10       EV: 14    Int: 20    God:    Cheibriados [*.....]
Gold:   388        SH:  0    Dex: 14    Spells: 0/10 levels left

rFire   . . .      SeeInvis .     - Unarmed
rCold   . . .      Faith    .   (no shield)
rNeg    . . .      Spirit   .   (helmet restricted)
rPois   .          Reflect  .   (no amulet)
rElec   .          Harm     .   (no ring)
rCorr   .          Rampage  .   (no ring)
Will    .....                   (no ring)
Stlth   +++.......              (no ring)
HPRegen 0.16/turn               (no ring)
MPRegen 0.12/turn               (no ring)
                                (no ring)
                                (no ring)

@: about to teleport, corroded, very slightly contaminated, very slow
A: almost no armour, amphibious, 8 rings, camouflage 1, gelatinous body 1,
(nimble swimmer 1), tentacles
a: Renounce Religion, Bend Time


You were on level 6 of the Dungeon.
You worshipped Cheibriados.
Cheibriados was aware of your devotion.
You visited 2 branches of the dungeon, and saw 7 of its levels.

You collected 388 gold pieces.

Inventory:

Missiles
 k - 6 poisoned darts
Jewellery
 a - a ring of wizardry
Scrolls
 e - 2 scrolls of noise {unknown}
 h - 3 scrolls of fear {unknown}
 i - 3 scrolls of amnesia {unknown}
 l - a scroll of enchant armour {unknown}
 n - a scroll of vulnerability {unknown}
 o - a scroll of acquirement {unknown}
Potions
 b - 2 potions of heal wounds {unknown}
 d - 2 potions of flight {unknown}
 f - a potion of haste {unknown}
 g - 2 potions of mutation {unknown}
 j - a potion of attraction {unknown}
 m - a potion of ambrosia {unknown}
 p - a potion of cancellation {unknown}
 q - a potion of brilliance {unknown}
 v - 5 potions of curing {!d}


   Skills:
 + Level 4.1 Fighting
 + Level 4.5 Dodging
 - Level 2.0 Stealth
 + Level 5.1 Unarmed Combat
 - Level 2.0 Spellcasting
 * Level 3.2 Transmutations
 * Level 2.4 Ice Magic
 - Level 1.0 Poison Magic


You couldn't memorise any spells.
You knew the following spells:

 Your Spells              Type           Power      Damage    Failure   Level
a - Beastly Appendage     Tmut           30%        N/A       4%          1
b - Wereblood             Tmut           15%        N/A       6%          2
c - Spider Form           Tmut/Pois      10%        N/A       21%         3
d - Ice Form              Ice/Tmut       13%        N/A       43%         4

Your spell library contained the following spells:

 Spells                   Type           Power      Damage    Failure   Level
 Sandblast                Erth           4%         2d4       16%         1
 Animate Dead             Necr           2%         N/A       83%         4
 Borgnjor's Vile Clutch   Necr/Erth      1%         N/A       99%         5
 Death Channel            Necr           1%         N/A       100%        6


Dungeon Overview and Level Annotations

Branches:
Dungeon (6/15) Zot: 39994  Temple (1/1) D:5 Zot: 8949

Altars:
Ashenzari
Cheibriados
Uskayaw
The Shining One

Annotations:
D:4 1 runed translucent door, exclusion: door, Phlounder's ghost, amateur DjFE
D:6 exclusion: jelly, Blork the orc


Innate Abilities, Weirdness & Mutations

You cannot wear most types of armour.
You are amphibious.
You can wear up to eight rings at the same time.
Your skin changes colour to match your surroundings (Stealth+).
Your rubbery body absorbs attacks. (AC +1, EV +1)
((You are camouflaged when in or above water. (Stealth+)))
You have tentacles for arms and can constrict up to eight enemies at once.


Message History

You bludgeon the hound!
You kill the hound!
Cheibriados appreciates the change of pace.
No target in view!
No target in view!
You see here the +9 mace of Disorder {pain, Str+3 Dex+2}.
An orc comes into view. It is wielding a +0 club.
There is an open door here.
An orc is nearby!
An orc is nearby!
An orc is nearby!
You miscast Spider Form.
You are very lightly contaminated with residual magic.
Your body is flooded with distortional energies.
The orc shouts!
An orc comes into view. It is wielding a +0 dagger.
A jelly and an orc come into view.
The orc hits you with a +0 club. x2
The jelly quivers.
The orc shouts!
You bludgeon the jelly!
Your tentacles burn!
The jelly is heavily wounded.
An orc comes into view. It is wielding a +0 whip.
The jelly barely misses you. The orc barely misses you.
The orc shouts!
You tentacle-slap the jelly.
Your tentacles burn!
The jelly is almost dead.
The orc misses you. The jelly hits you. The acid corrodes you!
You are splashed with acid!
As you read the scroll of teleportation {!d!d}, it crumbles to dust.
You feel strangely unstable. The orc hits you with a +0 club.
The jelly hits you.
You are splashed with acid!
* * * LOW HITPOINT WARNING * * *
Okay, then.
The orc attacks as you move away! The orc hits you with a +0 club.
* * * LOW HITPOINT WARNING * * *
The jelly attacks as you move away! The jelly hits you.
* * * LOW HITPOINT WARNING * * *
You are splashed with acid.
You die...

########## #.......)#
### #........# ..#
#........# ..#
#........# ..#
#........# ..#
#######........# ..#
.........####'###J######
.........#......@oo.....
.........#..............
†........'......o.o.....
.........####'###.......
............... .......
##............. .......
#............. #######
#............
#...........


You could see a jelly and 4 orcs.

Vanquished Creatures
  Sigmund (D:2)
  Eustachio (D:5)
  A sky beast (D:6)
  A jelly (D:4)
  A hound (D:6)
  An orc priest (D:4)
  An iguana (D:5)
  8 adders
  4 white imps
  8 ufetubi (D:5)
  3 dart slugs (D:1)
  13 orcs
  2 bats
  7 endoplasms
  5 goblins
  9 hobgoblins
  6 ball pythons
  3 frilled lizards
  8 kobolds
  10 rats
93 creatures vanquished.

Vanquished Creatures (others)
  2 demonic plants (D:5)
2 creatures vanquished.

Grand Total: 95 creatures vanquished

Notes
Turn   | Place    | Note
-------+----------+-------------------------------------------
     0 | D:1      | buhh the Octopode Transmuter began the quest for the Orb.
     0 | D:1      | Reached XP level 1. HP: 13/13 MP: 3/3
   242 | D:1      | Reached skill level 1 in Stealth
   242 | D:1      | Reached XP level 2. HP: 5/18 MP: 3/5
   580 | D:1      | Reached skill level 1 in Poison Magic
   824 | D:1      | Reached XP level 3. HP: 18/23 MP: 4/6
  1468 | D:2      | Noticed Sigmund
  1485 | D:2      | Killed Sigmund
  1486 | D:2      | Reached skill level 4 in Unarmed Combat
  1486 | D:2      | Reached XP level 4. HP: 31/31 MP: 7/7
  1486 | D:2      | Reached XP level 5. HP: 36/36 MP: 8/8
  1814 | D:2      | Reached XP level 6. HP: 42/42 MP: 7/9
  2287 | D:2      | Found a faded altar of an unknown god.
  2303 | D:2      | Got Plato's Treatise on Silt
  2487 | D:3      | Found a hide-covered altar of Uskayaw.
  2496 | D:3      | Found a broken altar of Ashenzari.
  2544 | D:3      | You fall into a shaft and drop 1 floor!
  3361 | D:4      | Found a runed translucent door.
  3845 | D:4      | Noticed Phlounder's ghost (amateur DjFE)
  3845 | D:4      | Noticed a hornet
  4110 | D:5      | Entered Level 5 of the Dungeon
  4561 | D:5      | Found a staircase to the Ecumenical Temple.
  4570 | Temple   | Entered the Ecumenical Temple
  4588 | Temple   | Became a worshipper of Cheibriados the Contemplative
  4633 | D:5      | Noticed Eustachio
  4642 | D:5      | Killed Eustachio
  4643 | D:5      | Reached skill level 1 in Ice Magic
  4643 | D:5      | Reached XP level 7. HP: 23/47 MP: 10/10
  5101 | D:5      | Learned a level 2 spell: Wereblood
  5105 | D:5      | Learned a level 3 spell: Spider Form
  5112 | D:5      | Learned a level 4 spell: Ice Form
  5139 | D:5      | Found a glowing golden altar of the Shining One.
  5596 | D:5      | Reached * piety under Cheibriados
  5703 | D:5      | Reached skill level 5 in Unarmed Combat
  6155 | D:6      | Noticed Blork the orc
  6497 | D:6      | Identified the +9 mace of Disorder {pain, Str+3 Dex+2}
  6511 | D:6      | Splashed by a jelly's acid

Illustrated notes

Levels and vault maps discovered:
D:1:      eino_arrival_druids_welcome, layout_rooms, serial_bayou,
          serial_bayou_lake_a, serial_bayou_lagoon_b, serial_bayou_pond_a,
          serial_bayou_pond_b, serial_bayou_ford_a, corexii_leaking_fountain,
          corexii_corridor_pit
D:2:      layout_loops_ring, shapermc_ecumenical_altar_rom_forum, serial_forest,
          infiniplex_forest_pool, infiniplex_forest_clump_medium,
          infiniplex_forest_corner_2, infiniplex_forest_lined_corner,
          infiniplex_forest_clump_cross, infiniplex_forest_lined_3,
          infiniplex_forest_lined_room_2, st_stairs_5, minmay_ruptured,
          uniq_sigmund
D:3:      layout_rooms, nicolae_uskayaw_suspiria, mainiacjoe_overflow_chevrons,
          grunt_ministairs_9, kennysheep_big_empty_room
D:4:      layout_loops_corners, ebering_ghost_inner_flame,
          kennysheep_decorative_pillar
D:5:      layout_cave_pools, mainiacjoe_overflow_paths,
          minmay_temple_entry_antechambers, serial_demonic, serial_demonic_a,
          serial_demonic_a, serial_demonic_b, serial_demonic_c,
          serial_demonic_f, uniq_eustachio
D:6:      layout_gridville, uniq_blork_the_orc
Temple:   minmay_temple_curvy_loop

Skill      XL: |  1  2  3  4  5  6  7 |
---------------+----------------------+-----
Stealth        | 1 2 |  2.0
Poison Magic   | 1 |  1.0
Fighting       | 3 4 |  4.1
Dodging        | 3 4 |  4.5
Unarmed Combat | 4 5 |  5.1
Ice Magic      | 1 2 |  2.4
Transmutations | 3 |  3.2
Spellcasting   | |  2.0

Action                   |  1- 3 |  4- 6 |  7- 9 || total
-------------------------+-------+-------+-------++-------
Melee: Unarmed           |    64 |    94 |    64 ||   222
       Constrict         |    15 |    28 |     8 ||    51
       Tentacles         |    11 |    16 |     7 ||    34
       Kick              |    11 |    29 |     3 ||    43
       Punch             |     1 |     5 |       ||     6
 Cast: Beastly Appendage |    17 |    30 |     5 ||    52
       Spider Form       |       |       |     7 ||     7
  Use: Potion            |     1 |       |       ||     1
       Scroll            |       |     4 |     2 ||     6
 Stab: Sleeping          |     5 |    10 |       ||    15
Armor: Skin              |     9 |     5 |     2 ||    16
Dodge: Dodged            |    26 |    55 |   102 ||   183

Table legend: (Time is in decaauts)
 A = Elapsed time spent in this place.
 B = Non-inter-level travel time spent in this place.
 C = Inter-level travel time spent in this place.
 D = Time resting spent in this place.
 E = Time spent auto-exploring this place.
 F = Levels seen in this place.
 G = Mean time per level.
                   A        B        C        D        E       F      G
               +--------+--------+--------+--------+--------+-----+--------+
         Total |   6687 |   6553 |    134 |    945 |   4815 |   7 |  955.3 |
       Dungeon |   6646 |   6535 |    111 |    945 |   4806 |   6 | 1107.7 |
        Temple |     41 |     19 |     22 |      0 |      9 |   1 |   41.0 |
               +--------+--------+--------+--------+--------+-----+--------+

Top non-repeatable levels by time:
     D:5: 2040 daAuts
     D:4: 1273 daAuts
     D:1: 1269 daAuts
     D:2: 1085 daAuts
     D:6: 505 daAuts
     D:3: 469 daAuts
  Temple: 41 daAuts
